 Dungeon Crawl Stone Soup version 0.31-a0-175-g9f7f995f2b (webtiles) character file.

Game seed: 10359230047926090498

2634 qw the Skirmisher (level 9, 0/85 HPs)
             Began as a Naga Hunter on June 17, 2023.
             Slain by an orc warrior
             ... wielding a +0 halberd
              (6 damage)
             ... on level 7 of the Dungeon.
             The game lasted 00:02:11 (5838 turns).

qw the Skirmisher (Naga Hunter)                     Turns: 5838, Time: 00:02:11

Health: 0/85       AC:  7    Str: 13    XL:     9   Next: 61%
Magic:  9/9        EV: 12    Int: 10    God:
Gold:   311        SH:  0    Dex: 23    Spells: 8/8 levels left

rFire   . . .        b - +3 shortbow of Honour {freeze, Dex+4}
rCold   . . .        (shield currently unavailable)
rNeg    . . .        c - +0 leather armour
rPois   +            e - +1 helmet
rElec   .            k - +0 cloak
rCorr   .            (no gloves)
SInv    +            (no barding)
Will    +....        (no amulet)
Stlth   ++           (no ring)
HPRegen 0.34/turn    (no ring)
MPRegen 0.11/turn

%: no passive effects
@: about to teleport, short of breath, very slow
A: AC +3, large, see invisible, deformed body, poison resistance, slowness 2,
spit poison 1, naga tail 1
a: Spit Poison


You were on level 7 of the Dungeon.
You visited 2 branches of the dungeon, and saw 8 of its levels.
You also visited: Sewer.

You collected 359 gold pieces.
You spent 48 gold pieces at shops.


Innate Abilities, Weirdness & Mutations

Your serpentine skin is tough. (AC +3)
You have supernaturally acute eyesight. (SInv)
Armour fits poorly on your strangely shaped body.
Your system is resistant to poisons. (rPois)
You cover ground very slowly.
You can spit poison.
You have a snake-like lower body.


   Skills:
 + Level 6.4 Fighting
 - Level 10.0 Ranged Weapons
 - Level 1.2 Armour
 - Level 4.0 Dodging
 - Level 1.5 Stealth


You had 8 spell levels left.
You didn't know any spells.
Your spell library was empty.

Inventory:

Hand Weapons
 b - the +3 shortbow of Honour (weapon) {freeze, Dex+4}
   (You found it on level 2 of the Dungeon)

   Dex:       It affects your dexterity (+4).
Armour
 c - a +0 leather armour (worn)
 e - a +1 helmet (worn)
 k - a +0 cloak (worn)
 q - +0 steam dragon scales
Wands
 a - a wand of digging (7)
Scrolls
 d - a scroll of vulnerability {unknown}
 i - 7 scrolls of teleportation
 o - a scroll of identify
 p - 2 scrolls of enchant weapon
Potions
 f - 5 potions of curing
 g - 2 potions of cancellation
 h - a potion of heal wounds {unknown}
 j - 2 potions of haste
 l - a potion of resistance {unknown}
 m - a potion of invisibility {unknown}
 n - a potion of attraction {unknown}
 r - a potion of might {unknown}

Dungeon Overview and Level Annotations

Branches:
Dungeon (7/15)             Temple (1/1) D:6           Sewer (visited)

Altars:
Ashenzari
Cheibriados
Dithmenos
Elyvilon
Fedhas
Hepliaklqana
Kikubaaqudgha
Makhleb
Nemelex Xobeh
Qazlal
Ru
Sif Muna
Trog
Uskayaw
Vehumet
Wu Jian
Xom
Yredelemnul
Zin
The Shining One

Shops:
D:5 [   D:7 *

Annotations:
D:7 1 runed translucent door, Crazy Yiuf


Message History

You shoot an arrow.
The arrow hits the orc warrior but does no damage.
The orc warrior is almost dead.
You have got your breath back.
The orc warrior closely misses you.
The orc priest calls upon Beogh to heal the orc warrior.
The orc warrior is healed somewhat.
The orc priest calls upon Beogh to heal the orc warrior.
The orc warrior is healed somewhat.
5834 ||| INVOKING Spit Poison.
Aiming: Spit Poison (1% risk of failure)
Press: ? - help, Shift-Dir - straight line, f/p - orc warrior The splash of poison hits the orc warrior but does no damage.
The orc warrior is poisoned.
The orc warrior is heavily wounded.
The orc warrior closely misses you.
You shoot an arrow. The arrow barely misses the orc priest.
The arrow hits the orc warrior.
The arrow freezes the orc warrior.
The orc warrior is severely wounded.
The orc warrior closely misses you.
The orc priest calls down the wrath of Beogh upon you.
Beogh smites you!
You shoot an arrow. The arrow barely misses the orc priest.
The arrow closely misses the orc warrior.
The arrow hits the orc!
The arrow freezes the orc.
You kill the orc!
The orc warrior hits you from afar with a +0 halberd!
The orc priest hits you with a +0 club.
The orc priest hits you but does no damage.
5837 ||| READING 8 scrolls of teleportation.
As you read the scroll of teleportation, it crumbles to dust.
You feel strangely unstable. The orc warrior barely misses you.
The orc priest mumbles some strange prayers to Beogh against you.
Pain shoots through your body! The orc priest barely misses you.
You shoot an arrow. The arrow hits the orc priest.
The arrow freezes the orc priest.
The orc priest is lightly wounded.
The orc warrior hits you from afar with a +0 halberd.
You die...

### #.# ### #.###########..
#.............#
#.############# #.# #........
#######.# #.#######
###.###...o...# #.#####.#
...<..')oo@...#####........
##########..o.........########
+........'............'.......
###...####............########
#+###..###
#...............###.. #.#...##
#...............\.... #.#.###
####+##.........)..## #...#
#.###.#.#.#....... #..##
#.##........######


You could see an orc warrior (poisoned) and 3 orc priests.

Vanquished Creatures
  A wyvern (D:7)
  Eustachio (D:6)
  A steam dragon (D:7)
  An orc warrior (D:7)
  An ice beast (D:6)
  3 sky beasts (D:7)
  A black bear (D:6)
  A centaur (D:7)
  3 ogres
  2 phantoms
  4 bullfrogs
  2 scorpions (D:5)
  A howler monkey (D:6)
  3 hounds
  An orc priest (D:5)
  2 sleepcaps
  2 iguanas
  7 orc wizards
  Robin (D:2)
  A gnoll (D:4)
  14 adders
  3 river rats (Sewer)
  3 shadow imps
  An ufetubus (D:4)
  A worm (D:4)
  2 dart slugs
  12 orcs
  10 endoplasms
  6 giant cockroaches
  15 goblins
  6 hobgoblins
  13 jackals
  11 kobolds
  4 quokkas
  17 ball pythons
  3 bats
  3 frilled lizards
  22 rats
185 creatures vanquished.

Notes
Turn   | Place    | Note
-------+----------+-------------------------------------------
     0 | D:1      | qw the Naga Hunter began the quest for the Orb.
     0 | D:1      | Reached XP level 1. HP: 19/19 MP: 1/1
     0 | D:1      | 0 ||| qw: Version: 0.3-a-2-g5ab2908
     0 | D:1      | 0 ||| qw: Game counter: 341
     0 | D:1      | 0 ||| qw: Always use a shield: true
     0 | D:1      | 0 ||| qw: God list: Okawaru
     0 | D:1      | 0 ||| qw: Allow faded altars: false
     0 | D:1      | 0 ||| qw: Do Orc after D:15 true
     0 | D:1      | 0 ||| qw: Do second Lair branch before Depths: true
     0 | D:1      | 0 ||| qw: Lair rune preference: random
     0 | D:1      | 0 ||| qw: Plans: Normal
     0 | D:1      | 0 ||| PLANNING D:1-11
    18 | D:1      | 18 ||| INVOKING Spit Poison.
   134 | D:1      | 134 ||| INVOKING Spit Poison.
   165 | D:1      | 165 ||| INVOKING Spit Poison.
   166 | D:1      | Reached skill level 4 in Ranged Weapons
   166 | D:1      | Reached XP level 2. HP: 26/26 MP: 2/2
   190 | D:1      | 190 ||| INVOKING Spit Poison.
   223 | D:1      | 223 ||| INVOKING Spit Poison.
   327 | D:1      | 327 ||| INVOKING Spit Poison.
   359 | D:1      | 359 ||| INVOKING Spit Poison.
   411 | D:1      | 411 ||| INVOKING Spit Poison.
   421 | D:1      | 421 ||| INVOKING Spit Poison.
   424 | D:1      | 424 ||| INVOKING Spit Poison.
   428 | D:1      | 428 ||| INVOKING Spit Poison.
   702 | D:1      | 702 ||| UPGRADING to +0 helmet.
   707 | D:1      | 707 ||| READING scroll labelled ESINYGG FEUCOA.
   708 | D:1      | 708 ||| READING scroll labelled HYED ILODOO.
   713 | D:1      | 713 ||| READING scroll labelled RUQIEGGUFA.
   714 | D:1      | 714 ||| READING scroll labelled HOINON PARHOINK.
   715 | D:1      | 715 ||| DRINKING 2 bubbling inky potions.
   716 | D:1      | 716 ||| DROPPING scroll of butterflies.
   736 | D:2      | 736 ||| INVOKING Spit Poison.
   737 | D:2      | Reached XP level 3. HP: 32/32 MP: 3/3
   738 | D:2      | 738 ||| STAIRDANCE
   780 | D:2      | 780 ||| INVOKING Spit Poison.
   798 | D:2      | 798 ||| INVOKING Spit Poison.
   829 | D:2      | 829 ||| INVOKING Spit Poison.
   831 | D:2      | 831 ||| Stepping ~*~*~tactically~*~*~ (outnumbered).
   835 | D:2      | 835 ||| INVOKING Spit Poison.
   841 | D:2      | 841 ||| INVOKING Spit Poison.
   956 | D:2      | 956 ||| INVOKING Spit Poison.
   967 | D:2      | Identified the +3 shortbow of Honour {freeze, Dex+4}
   969 | D:2      | 969 ||| SWAPPING to +3 shortbow of Honour {freeze, Dex+4}.
   970 | D:2      | 970 ||| DROPPING +0 shortbow.
   983 | D:2      | Noticed Robin
   984 | D:2      | 984 ||| INVOKING Spit Poison.
   990 | D:2      | 990 ||| INVOKING Spit Poison.
   992 | D:2      | Killed Robin
   993 | D:2      | Reached skill level 5 in Ranged Weapons
   993 | D:2      | Reached XP level 4. HP: 23/39 MP: 4/4
   995 | D:2      | 995 ||| INVOKING Spit Poison.
  1010 | D:2      | Noticed a phantom
  1020 | D:2      | Killed a phantom
  1021 | D:2      | Reached skill level 3 in Fighting
  1021 | D:2      | Reached XP level 5. HP: 19/49 MP: 5/5
  1049 | D:2      | 1049 ||| INVOKING Spit Poison.
  1161 | D:2      | 1161 ||| INVOKING Spit Poison.
  1165 | D:2      | 1165 ||| INVOKING Spit Poison.
  1318 | D:2      | 1318 ||| INVOKING Spit Poison.
  1324 | D:2      | 1324 ||| INVOKING Spit Poison.
  1370 | D:2      | 1370 ||| INVOKING Spit Poison.
  1373 | D:2      | 1373 ||| INVOKING Spit Poison.
  1413 | D:2      | 1413 ||| INVOKING Spit Poison.
  1616 | D:2      | 1616 ||| INVOKING Spit Poison.
  1653 | D:2      | 1653 ||| READING scroll labelled VETZIR YCHAIV.
  1654 | D:2      | 1654 ||| READING scroll labelled NUTEUDA SUUHUI.
  1700 | D:3      | 1700 ||| INVOKING Spit Poison.
  1733 | D:3      | 1733 ||| INVOKING Spit Poison.
  2008 | D:3      | 2008 ||| INVOKING Spit Poison.
  2012 | D:3      | 2012 ||| INVOKING Spit Poison.
  2077 | D:3      | 2077 ||| READING scroll labelled UDOASKU RIMME.
  2078 | D:3      | 2078 ||| DRINKING 2 bubbling puce potions.
  2079 | D:3      | 2079 ||| DROPPING potion of degeneration.
  2098 | D:4      | 2098 ||| PLANNING SEWER
  2098 | D:4      | 2098 ||| INVOKING Spit Poison.
  2100 | D:4      | 2100 ||| STAIRDANCE
  2123 | D:4      | 2123 ||| INVOKING Spit Poison.
  2139 | D:4      | Noticed an ogre
  2140 | D:4      | 2140 ||| INVOKING Spit Poison.
  2141 | D:4      | Killed an ogre
  2142 | D:4      | Reached XP level 6. HP: 56/56 MP: 6/6
  2150 | D:4      | 2150 ||| INVOKING Spit Poison.
  2224 | D:4      | Found a glowing drain.
  2225 | D:4      | 2225 ||| READING scroll labelled ERPHEM KIUS.
  2339 | Sewer    | Entered a sewer
  2359 | Sewer    | Reached skill level 6 in Ranged Weapons
  2395 | Sewer    | 2395 ||| INVOKING Spit Poison.
  2401 | Sewer    | 2401 ||| INVOKING Spit Poison.
  2420 | Sewer    | 2420 ||| INVOKING Spit Poison.
  2456 | Sewer    | 2456 ||| INVOKING Spit Poison.
  2462 | Sewer    | 2462 ||| INVOKING Spit Poison.
  2468 | Sewer    | 2468 ||| INVOKING Spit Poison.
  2472 | Sewer    | 2472 ||| INVOKING Spit Poison.
  2482 | Sewer    | 2482 ||| INVOKING Spit Poison.
  2487 | Sewer    | 2487 ||| INVOKING Spit Poison.
  2509 | Sewer    | 2509 ||| INVOKING Spit Poison.
  2526 | Sewer    | 2526 ||| INVOKING Spit Poison.
  2529 | Sewer    | Reached XP level 7. HP: 64/64 MP: 7/7
  2532 | Sewer    | 2532 ||| INVOKING Spit Poison.
  2535 | Sewer    | 2535 ||| INVOKING Spit Poison.
  2539 | Sewer    | 2539 ||| INVOKING Spit Poison.
  2545 | Sewer    | 2545 ||| INVOKING Spit Poison.
  2623 | Sewer    | 2623 ||| READING scroll labelled OGIMNO POCA.
  2624 | Sewer    | 2624 ||| DRINKING 2 metallic ruby potions.
  2628 | D:4      | 2628 ||| PLANNING D:1-11
  2644 | D:4      | 2644 ||| INVOKING Spit Poison.
  2646 | D:4      | Reached skill level 7 in Ranged Weapons
  2678 | D:4      | 2678 ||| INVOKING Spit Poison.
  2704 | D:4      | 2704 ||| INVOKING Spit Poison.
  2717 | D:4      | 2717 ||| INVOKING Spit Poison.
  2720 | D:4      | 2720 ||| INVOKING Spit Poison.
  2745 | D:4      | 2745 ||| INVOKING Spit Poison.
  2851 | D:4      | 2851 ||| INVOKING Spit Poison.
  2906 | D:4      | 2906 ||| INVOKING Spit Poison.
  2943 | D:4      | 2943 ||| DRINKING 2 fuming pink potions.
  2988 | D:4      | 2988 ||| DROPPING potion of lignification.
  2999 | D:5      | Entered Level 5 of the Dungeon
  3059 | D:5      | 3059 ||| INVOKING Spit Poison.
  3084 | D:5      | 3084 ||| INVOKING Spit Poison.
  3258 | D:5      | Reached skill level 8 in Ranged Weapons
  3332 | D:5      | 3332 ||| INVOKING Spit Poison.
  3359 | D:5      | Reached XP level 8. HP: 72/72 MP: 8/8
  3416 | D:5      | 3416 ||| INVOKING Spit Poison.
  3420 | D:5      | 3420 ||| INVOKING Spit Poison.
  3492 | D:5      | 3492 ||| INVOKING Spit Poison.
  3517 | D:5      | 3517 ||| INVOKING Spit Poison.
  3569 | D:5      | Found Juymic's Antique Armour Emporium.
  3575 | D:5      | 3575 ||| INVOKING Spit Poison.
  3685 | D:5      | 3685 ||| INVOKING Spit Poison.
  3741 | D:5      | 3741 ||| INVOKING Spit Poison.
  3772 | D:5      | 3772 ||| SHOPLISTING pair of glowing gloves (262 gold, have
                  | 235).
  3868 | D:5      | 3868 ||| UPGRADING to +0 cloak.
  3873 | D:5      | 3873 ||| DROPPING ring of wizardry.
  3874 | D:5      | 3874 ||| READING scroll labelled GUIGUE LUGO.
  3875 | D:5      | 3875 ||| DRINKING 2 grey potions.
  3876 | D:5      | 3876 ||| READING 2 scrolls of identify.
  3876 | D:5      | 3876 ||| IDENTIFYING white potion
  3877 | D:5      | 3877 ||| DROPPING potion of brilliance.
  3895 | D:6      | 3895 ||| INVOKING Spit Poison.
  3914 | D:6      | Reached skill level 1 in Armour
  3917 | D:6      | 3917 ||| INVOKING Spit Poison.
  3922 | D:6      | 3922 ||| INVOKING Spit Poison.
  3923 | D:6      | Reached skill level 3 in Dodging
  3940 | D:6      | Found a staircase to the Ecumenical Temple.
  3941 | D:6      | 3941 ||| PLANNING TEMPLE
  3949 | D:6      | 3949 ||| INVOKING Spit Poison.
  3997 | Temple   | Entered the Ecumenical Temple
  4287 | Temple   | 4287 ||| PLANNING D:1-11
  4379 | D:6      | 4379 ||| INVOKING Spit Poison.
  4467 | D:6      | 4467 ||| INVOKING Spit Poison.
  4474 | D:6      | 4474 ||| INVOKING Spit Poison.
  4478 | D:6      | Noticed Eustachio
  4480 | D:6      | 4480 ||| INVOKING Spit Poison.
  4486 | D:6      | 4486 ||| INVOKING Spit Poison.
  4492 | D:6      | 4492 ||| INVOKING Spit Poison.
  4494 | D:6      | Killed Eustachio
  4547 | D:6      | 4547 ||| INVOKING Spit Poison.
  4548 | D:6      | Reached skill level 9 in Ranged Weapons
  4550 | D:6      | 4550 ||| DRINKING 5 potions of curing.
  4550 | D:6      | 4550 ||| (to cure confusion)
  4552 | D:6      | 4552 ||| INVOKING Spit Poison.
  4779 | D:6      | 4779 ||| INVOKING Spit Poison.
  4813 | D:6      | 4813 ||| INVOKING Spit Poison.
  4818 | D:6      | Reached skill level 6 in Fighting
  4818 | D:6      | Reached XP level 9. HP: 82/82 MP: 9/9
  4951 | D:6      | 4951 ||| DROPPING +0 robe of the Archmagi.
  4970 | D:7      | 4970 ||| INVOKING Spit Poison.
  4978 | D:7      | 4978 ||| STAIRDANCE
  5045 | D:6      | 5045 ||| INVOKING Spit Poison.
  5049 | D:6      | 5049 ||| INVOKING Spit Poison.
  5105 | D:7      | 5105 ||| READING scroll of enchant armour.
  5105 | D:7      | 5105 ||| ENCHANTING +0 helmet.
  5155 | D:7      | Found a runed translucent door.
  5156 | D:7      | Noticed Crazy Yiuf
  5173 | D:7      | 5173 ||| INVOKING Spit Poison.
  5399 | D:7      | 5399 ||| Stepping ~*~*~tactically~*~*~ (cloud).
  5400 | D:7      | 5400 ||| INVOKING Spit Poison.
  5403 | D:7      | 5403 ||| Stepping ~*~*~tactically~*~*~ (cloud).
  5404 | D:7      | 5404 ||| Stepping ~*~*~tactically~*~*~ (cloud).
  5406 | D:7      | 5406 ||| Stepping ~*~*~tactically~*~*~ (cloud).
  5407 | D:7      | 5407 ||| Stepping ~*~*~tactically~*~*~ (cloud).
  5517 | D:7      | 5517 ||| INVOKING Spit Poison.
  5520 | D:7      | Reached skill level 10 in Ranged Weapons
  5520 | D:7      | Found Tinytis's Hallowed Reliquary.
  5526 | D:7      | Noticed an angel
  5529 | D:7      | 5529 ||| INVOKING Spit Poison.
  5535 | D:7      | 5535 ||| BUYING potion of curing (48 gold).
  5535 | D:7      | Bought a potion of curing for 48 gold pieces
  5535 | D:7      | 5535 ||| SHOPLISTING ring "Opruask" {Fly rN+ Will- Dex+4
                  | SInv} (600 gold, have 307).
  5589 | D:7      | 5589 ||| Stepping ~*~*~tactically~*~*~ (outnumbered).
  5609 | D:7      | 5609 ||| INVOKING Spit Poison.
  5614 | D:7      | 5614 ||| INVOKING Spit Poison.
  5705 | D:7      | 5705 ||| INVOKING Spit Poison.
  5774 | D:7      | 5774 ||| INVOKING Spit Poison.
  5827 | D:7      | 5827 ||| INVOKING Spit Poison.
  5834 | D:7      | 5834 ||| INVOKING Spit Poison.
  5836 | D:7      | HP: 20/85 [orc warrior/+0 halberd (15)]
  5837 | D:7      | 5837 ||| READING 8 scrolls of teleportation.
  5837 | D:7      | HP: 6/85 [orc priest/nerve-wracking pain (14)]
  5838 | D:7      | Slain by an orc warrior

Levels and vault maps discovered:
D:1:      mushboom_english_gardens, layout_loops_ring, serial_forest,
          infiniplex_forest_clump_cross, infiniplex_forest_3_way,
          infiniplex_forest_clump_diagonal, infiniplex_forest_straight_1,
          infiniplex_forest_end_double, infiniplex_forest_clump_small,
          infiniplex_forest_end_1
D:2:      layout_loops_ring, serial_bayou, serial_bayou_lagoon_b,
          serial_bayou_shore_a, serial_bayou_pond_e, serial_bayou_crossing,
          uniq_robin
D:3:      layout_basic, kennysheep_generic_room_3
D:4:      layout_gridville, cheibrodos_sewer_entry_drain, st_stairs_4
D:5:      layout_loops_ring, serial_shops, nicolae_inconvenience_store
D:6:      layout_loops_ring, minmay_temple_entry_waves, uniq_eustachio
D:7:      layout_basic, st_stairs_8, grunt_ministairs_7, nicolae_good_shop,
          uniq_crazy_yiuf_cottage
Temple:   mainiacjoe_temple_cubbyholes

Skill      XL: |  1  2  3  4  5  6  7  8  9 |
---------------+----------------------------+-----
Ranged Weapons | 4 5 6 8 9 10 | 10.0
Fighting       | 3 4 6 |  6.4
Dodging        | 2 3 4 |  4.0
Armour         | 1 |  1.2
Stealth        | |  1.5

Action                     |  1- 3 |  4- 6 |  7- 9 || total
---------------------------+-------+-------+-------++-------
   Fire: Shortbow          |    58 |   118 |   190 ||   366
Ability: Spit Poison       |    20 |    29 |    49 ||    98
    Use: Scroll            |     4 |     4 |     5 ||    13
         Potion            |     1 |     1 |     4 ||     6
 Armour: Leather armour    |     6 |     4 |    23 ||    33
  Dodge: Dodged            |    25 |    16 |    37 ||    78

Table legend:
 A = Non-vault XP
 B = Vault XP
 C = Vault XP percentage of total XP
 D = Non-vault monster count
 E = Vault monster count
 F = Vault count percentage of total count
                 A         B        C        D         E       F
            +---------+---------+-------+---------+---------+-------
      Total |    2768 |     996 |  26.5 |     122 |      63 |  34.1
            +---------+---------+-------+---------+---------+-------
        D:1 |      35 |       0 |   0.0 |      20 |       0 |   0.0
        D:2 |     183 |      34 |  15.7 |      33 |      11 |  25.0
        D:3 |      15 |       3 |  16.7 |       7 |       2 |  22.2
        D:4 |     347 |      25 |   6.7 |      19 |       5 |  20.8
        D:5 |     534 |       0 |   0.0 |      18 |       0 |   0.0
        D:6 |     805 |     329 |  29.0 |      18 |       2 |  10.0
        D:7 |     849 |     263 |  23.7 |       7 |       2 |  22.2
      Sewer |       0 |     342 | 100.0 |       0 |      41 | 100.0
            +---------+---------+-------+---------+---------+-------
